[Event "Early-Titled-Tuesday-Blitz-September-05-2023"]
[Site "Chess.com"]
[Date "2023.09.05"]
[Round "11"]
[White "Keeper0416"]
[Black "aakankshachess"]
[Result "0-1"]
[WhiteElo "2584"]
[BlackElo "2492"]
[TimeControl "180+1"]
[EndTime "10:03:53 PDT"]
[Termination "aakankshachess won by resignation"]

1. e4 e5 2. Nc3 Nc6 3. Bc4 Nf6 4.
d3 Na5 5. Nge2 Nxc4 6. dxc4 d6 7. O-O Be6 8. b3 Be7 9. Bg5 h6 10.
Bxf6 Bxf6 11. Nd5 O-O 12. Nec3 Be7 13. Qd3 f5 14. f3 c6 15. Nxe7+ Qxe7 16. Rad1 Rad8 17.
Rfe1 f4 18. Qf1 Kh8 19. Rd3 g5 20. h3 Rg8 21. Red1 Rg6 22. c5 Bc8 23. Qf2 Qc7 24. Qd2 b6 25. Rxd6 Rgxd6 26. cxd6 Qf7 27. Ne2 h5 28. c4 g4 29. hxg4 hxg4 30. Qc3 Qf6 31. Kf2 Rxd6 32. Rxd6 g3+ 33. Kf1 Qxd6 34. Nxf4 Qd1+ 35.
Qe1 Qxe1+ 36. Kxe1 exf4 37. Ke2 Kg7 38. Kd3 c5 39.
Kc3 Kf6 40. Kd3 Ke5 41. a3 Bh3 0-1

[Event "Early-Titled-Tuesday-Blitz-September-05-2023"]
[Site "Chess.com"]
[Date "2023.09.05"]
[Round "11"]
[White "Doudou2015"]
[Black "Good_Knight_Kiss"]
[Result "0-1"]
[WhiteElo "2173"]
[BlackElo "2332"]
[TimeControl "180+1"]
[EndTime "10:03:53 PDT"]
[Termination "Good_Knight_Kiss won by resignation"]

1. b3 g6 2. Bb2 Nf6 3. Bxf6 exf6 4. c4 d5 5. cxd5 Qxd5 6. Nc3 Qa5 7. g3 Bb4 8. Qc2 O-O 9. Bg2 Nc6 10. e3 Bf5 11. Ne4 Rad8 12. Rd1 Ne5 13. Ne2 Nd3+ 14. Kf1 Qe5 15. f4 Qe7 16. Qc4 Nb2 17. Qc2 Nxd1 18. Qxd1 Bxe4 0-1

[Event "Early-Titled-Tuesday-Blitz-September-05-2023"]
[Site "Chess.com"]
[Date "2023.09.05"]
[Round "11"]
[White "Speshka"]
[Black "The_Princess_Moon"]
[Result "1-0"]
[WhiteElo "2529"]
[BlackElo "2293"]
[TimeControl "180+1"]
[EndTime "10:03:54 PDT"]
[Termination "Speshka won by resignation"]

1. e4 c5 2. Nf3 a6 3. c3 d5 4. exd5 Qxd5 5. d4 Bg4 6. Be2 Nf6 7. h3 Bh5 8. O-O e6 9. c4 Qd6 10. Nc3 cxd4 11. Nxd4 Bxe2 12. Ndxe2 Nbd7 13. Bf4 Qc5 14. b3 Be7 15. Qc2 O-O 16. Rad1 Rac8 17. Ng3 b5 18. Nce4 Qc6 19. Nd6 Rcd8 20. Qe2 e5 21. Ngf5 Bxd6 22. Rxd6 Qc5 23. Be3 Qc7 24. Rfd1 bxc4 25. bxc4 Nb8 26. Bb6 Rxd6 27. Bxc7 Rxd1+ 28. Qxd1 Nbd7 29. Bd6 Re8 30. c5 g6 31. Ne7+ Kg7 32. c6 Nb6 33. Bxe5 Rxe7 34. Bxf6+ Kxf6 35. Qd4+ Ke6 36. Qxb6 Re8 37. c7+ Kd7 38.
f4 Rc8 39. Qxa6 Rxc7 40. Qd3+ Ke7 41. a4 Ra7 42. Qe3+ 1-0

[Event "Early-Titled-Tuesday-Blitz-September-05-2023"]
[Site "Chess.com"]
[Date "2023.09.05"]
[Round "11"]
[White "UB_TheQueen"]
[Black "Apocalyps999"]
[Result "0-1"]
[WhiteElo "2090"]
[BlackElo "2302"]
[TimeControl "180+1"]
[EndTime "10:03:55 PDT"]
[Termination "Apocalyps999 won by checkmate"]

1. e4 e5 2. Nf3 Nc6 3. Bc4 Nf6 4. Ng5 d5 5. exd5 Na5 6. Bb5+ c6 7. dxc6 bxc6 8. Qf3 cxb5 9. Qxa8 Qc7 10. Qf3 Nc6 11. c3 Bg4 12. Qg3 Nd4 13. f3 Nc2+ 14. Kd1 Bf5 15.
d3 Nxa1 16. Re1 Bd6 17. f4 Nh5 18. fxe5 Be7 19. Qf3 g6 20. g4 Ng7 21. gxf5 Nxf5 22.
e6 fxe6 23. Nxe6 Qxh2 24. Bf4 Qc2# 0-1

[Event "Early-Titled-Tuesday-Blitz-September-05-2023"]
[Site "Chess.com"]
[Date "2023.09.05"]
[Round "11"]
[White "DawidCzerw"]
[Black "McCarthyStone"]
[Result "0-1"]
[WhiteElo "2496"]
[BlackElo "2439"]
[TimeControl "180+1"]
[EndTime "10:03:56 PDT"]
[Termination "McCarthyStone won by resignation"]

1. e4 e5 2. Nf3 d6 3. d4 exd4 4. Nxd4 Nf6 5. Nc3 g6 6. f4 Bg7 7. Be2 O-O 8. O-O Re8 9. Bf3 Bg4 10. Bxg4 Nxg4 11. h3 Nf6 12. b3 Nxe4 13. Nxe4 Rxe4 14. Bb2 c5 15. f5 Bxd4+ 16. Bxd4 Rxd4 17. Qf3 Qd7 18. fxg6 hxg6 19. c3 Rd2 20. Rae1 Nc6 21. Re4 Ne5 22.
Qf4 Rxa2 23. Qh6 Qc6 24. Rxf7 Nxf7 25. Qxg6+ Kf8 26. h4 Re8 27. Rg4 Re1+ 28. Kh2 Ree2 29. h5 Rxg2+ 30. Rxg2 Qxg2+ 31. Qxg2 Rxg2+ 32. Kxg2 b5 33.
Kf3 a5 34. Ke4 Ke7 35. Kd5 Kd7 36. Ke4 Ke6 37. Kf4 a4 38. c4 axb3 39. cxb5 b2 40. b6 b1=Q 41. h6 Nxh6 42. b7 Qxb7 43. Kg5 Nf7+ 44. Kg6 Qg2+ 45. Kh7 Ne5 46. Kh8 Kf7 0-1

[Event "Early-Titled-Tuesday-Blitz-September-05-2023"]
[Site "Chess.com"]
[Date "2023.09.05"]
[Round "11"]
[White "Nf3c5"]
[Black "Jmf24"]
[Result "1-0"]
[WhiteElo "2586"]
[BlackElo "2378"]
[TimeControl "180+1"]
[EndTime "10:03:56 PDT"]
[Termination "Nf3c5 won by resignation"]

1. e4 Nf6 2. e5 Nd5 3. c4 Nb6 4.
d4 d6 5. exd6 cxd6 6. Nc3 g6 7.
Bd3 Bg7 8. Nge2 O-O 9. O-O Nc6 10. Be3 d5 11. c5 Nc4 12. Bxc4 dxc4 13. Qa4 Be6 14.
Rfd1 Bd5 15. Nxd5 Qxd5 16. Nc3 Qh5 17. d5 Ne5 18. Bd4 Rfd8 19. Bxe5 Bxe5 20. g3 Bxc3 21. bxc3 Rxd5 22. Re1 e6 23. c6 bxc6 24. Qxc6 Rad8 25.
Qxc4 Rc5 26. Qb4 Rd2 27. a4 Qf5 28. Rf1 Rc2 29. Rad1 R2xc3 30. Rd8+ Kg7 31. Qb8 Rc1 32. Qb2+ Qf6 33. Rg8+ Kxg8 34. Qxf6 Rxf1+ 35. Kxf1 a5 36. Qd8+ 1-0

[Event "Early-Titled-Tuesday-Blitz-September-05-2023"]
[Site "Chess.com"]
[Date "2023.09.05"]
[Round "11"]
[White "Mr_Lion22"]
[Black "NovozhilovSemen"]
[Result "0-1"]
[WhiteElo "2449"]
[BlackElo "2584"]
[TimeControl "180+1"]
[EndTime "10:03:57 PDT"]
[Termination "NovozhilovSemen won by resignation"]

1. d4 Nf6 2. c4 e6 3. Nc3 Bb4 4. f3 c5 5. d5 b5 6. e4 O-O 7. e5 Ne8 8. f4 d6 9. Nf3 Nd7 10. Bd2 bxc4 11. Bxc4 Nb6 12. Bb3 c4 13. Bc2 exd5 14.
O-O Bc5+ 15. Kh1 d4 16. Ne4 d3 17. Bb1 Bf5 18. Ng3 Bg4 19. h3 Bxf3 20. Qxf3 Bd4 21. a4 dxe5 22. fxe5 Qd5 23. Nf5 Qxf3 24. Rxf3 Bxb2 25.
Ra2 Bxe5 26. Bb4 Nf6 27. Ne7+ Kh8 28. Nc6 Rfe8 29. a5 Nbd5 30. Bc5 Rac8 31. Nxe5 Rxe5 32.
Bd4 Re1+ 0-1

[Event "Early-Titled-Tuesday-Blitz-September-05-2023"]
[Site "Chess.com"]
[Date "2023.09.05"]
[Round "11"]
[White "Maus7"]
[Black "BlitzWizard04"]
[Result "0-1"]
[WhiteElo "2495"]
[BlackElo "2609"]
[TimeControl "180+1"]
[EndTime "10:04:00 PDT"]
[Termination "BlitzWizard04 won on time"]

1. e4 c5 2. Nf3 e6 3. d4 cxd4 4. Nxd4 Nc6 5. Nc3 Qc7 6. Be3 a6 7. Qf3 Ne5 8. Qg3 h5 9. h4 Nf6 10. O-O-O d6 11. Bf4 Bd7 12. Nf3 Nfg4 13. Ne1 O-O-O 14.
f3 Nf6 15. Nd3 Nxd3+ 16. cxd3 Bc6 17. Kb1 Qa5 18. d4 d5 19. e5 Nd7 20. Bd2 Qb6 21. Qf2 Nxe5 22. Be3 Ng6 23. f4 Ne7 24. Bd3 g6 25. Rc1 Kb8 26. Ne2 Nf5 27. Bxf5 exf5 28. Ng1 f6 29. Nf3 Bd6 30. Ka1 Rhe8 31. a3 Bxa3 32.
bxa3 Qb3 33. Rhe1 Qxa3+ 34. Kb1 Bb5 35. Rc2 Bd3 0-1

[Event "Early-Titled-Tuesday-Blitz-September-05-2023"]
[Site "Chess.com"]
[Date "2023.09.05"]
[Round "11"]
[White "buenamor1972"]
[Black "abelmat"]
[Result "1-0"]
[WhiteElo "2309"]
[BlackElo "1945"]
[TimeControl "180+1"]
[EndTime "10:04:05 PDT"]
[Termination "buenamor1972 won on time"]

1. d4 d5 2. c4 e6 3. Nc3 Nf6 4. cxd5 exd5 5. Bg5 c6 6. e3 Bd6 7.
Qc2 a5 8. Bd3 Na6 9. a3 Nc7 10.
Nf3 Ne6 11. Bh4 O-O 12. Bxh7+ Kh8 13. Bd3 b5 14. Ne5 g5 15. Bg3 Bb7 16. h4 g4 17.
Qe2 b4 18. Na4 bxa3 19. bxa3 Qe7 20. Nxg4 Bxg3 21. fxg3 Nh5 22. Rh3 Rg8 23. Nh6 Nxg3 24. Rxg3 Rxg3 25. Nf5 Qxh4 26. Nxh4 Rg5 27. Rb1 Bc8 28.
Nb6 Rb8 29. Nf3 1-0

[Event "Early-Titled-Tuesday-Blitz-September-05-2023"]
[Site "Chess.com"]
[Date "2023.09.05"]
[Round "11"]
[White "Khromkin"]
[Black "HanSchut"]
[Result "1-0"]
[WhiteElo "2395"]
[BlackElo "2252"]
[TimeControl "180+1"]
[EndTime "10:04:06 PDT"]
[Termination "Khromkin won by resignation"]

1. d4 Nf6 2. c4 g6 3. Nf3 Bg7 4. Nc3 d5 5. g3 O-O 6. cxd5 Nxd5 7. Bg2 c5 8. O-O Nxc3 9. bxc3 Nc6 10. Be3 Bg4 11. Qb3 cxd4 12. Nxd4 Nxd4 13. cxd4 Bxe2 14.
Rfe1 Ba6 15. Rab1 e6 16. Red1 Qe7 17. d5 exd5 18. Rxd5 Rad8 19. Bc5 Qc7 20. Bxf8 Bc4 21. Rc5 Bxb3 22. Rxc7 Bxa2 23. Bxg7 Bxb1 24. Bf6 Rd1+ 25. Bf1 Bf5 26. Kg2 h5 27. Bc4 Be4+ 28. f3 Rd2+ 29.
Kf1 Bd5 30. Rc8+ 1-0

[Event "Early-Titled-Tuesday-Blitz-September-05-2023"]
[Site "Chess.com"]
[Date "2023.09.05"]
[Round "11"]
[White "Lady_Nika"]
[Black "Vsevolod_Ovchinnikov"]
[Result "1-0"]
[WhiteElo "2478"]
[BlackElo "2578"]
[TimeControl "180+1"]
[EndTime "10:04:08 PDT"]
[Termination "Lady_Nika won on time"]

1. e4 g6 2. d4 Bg7 3. c4 d6 4.
Nc3 Nf6 5. f3 Nbd7 6. Be3 c5 7. d5 a6 8. Bd3 Ne5 9. Nge2 e6 10. O-O O-O 11. h3 Rb8 12. dxe6 Bxe6 13. b3 Qa5 14. Rc1 b5 15. f4 Nxd3 16. Qxd3 bxc4 17.
bxc4 Rb4 18. Qxd6 Rxc4 19. f5 Rd8 20. Qc6 Bd7 21. Qb7 Rb4 22. Qa7 Nxe4 23. fxg6 fxg6 24. Nd5 Ra4 25. Bxc5 Nxc5 26. Rxc5 Qd2 27. Qc7 Ra8 28. Qxd7 Qxe2 29. Rc8+ Rxc8 30. Qxc8+ 1-0

[Event "Early-Titled-Tuesday-Blitz-September-05-2023"]
[Site "Chess.com"]
[Date "2023.09.05"]
[Round "11"]
[White "Lennis93"]
[Black "frederiksvane"]
[Result "0-1"]
[WhiteElo "2822"]
[BlackElo "2927"]
[TimeControl "180+1"]
[EndTime "10:04:09 PDT"]
[Termination "frederiksvane won by resignation"]

1. d4 Nf6 2. Bg5 d5 3. e3 c5 4. Bxf6 gxf6 5. Nf3 Nc6 6. Nbd2 e5 7. c3 Be6 8. a3 e4 9. Nh4 f5 10. g3 Be7 11.
Ng2 Bd6 12. Qh5 c4 13. Nh4 Qf6 14. Bh3 Ne7 15. f3 Rg8 16. fxe4 dxe4 17. Rf1 Rg5 18. Nxe4 fxe4 19. Qxh7 Qg7 20. Qxg7 Rxg7 21. Bxe6 fxe6 22. Ke2 Nd5 23. Rf2 Be7 24. Ng2 Bg5 25. Raf1 Ke7 26. Rh1 Rh8 27. h4 Bh6 28. Rh3 Rhg8 29. Nf4 Rxg3 30.
Nxd5+ exd5 31. Rxg3 Rxg3 32. Rf5 Rxe3+ 33. Kd1 Rd3+ 34.
Ke1 Ke6 35. Re5+ Kd6 36. Rf5 Bc1 37. h5 Bxb2 38. h6 Bxc3+ 39. Ke2 Rh3 40. Rf6+ Ke7 41. Rf5 Ke6 42. Re5+ Kd6 43. Re8 Bxd4 44. Rd8+ Kc6 45. Rc8+ Kd7 46. Rb8 Kc7 0-1

[Event "Early-Titled-Tuesday-Blitz-September-05-2023"]
[Site "Chess.com"]
[Date "2023.09.05"]
[Round "11"]
[White "Dixit_Nikhil"]
[Black "Orest_Vovk"]
[Result "1-0"]
[WhiteElo "2535"]
[BlackElo "2606"]
[TimeControl "180+1"]
[EndTime "10:04:09 PDT"]
[Termination "Dixit_Nikhil won by resignation"]

1. a3 Nf6 2. h3 Rg8 3. b3 g5 4. Bb2 Bg7 5. g3 h5 6. Bg2 d5 7. d3 Nc6 8. e3 g4 9. Nd2 e5 10. hxg4 hxg4 11. b4 a6 12. Nb3 b6 13. Ne2 Be6 14.
d4 Ne4 15. c4 Qf6 16. Bxe4 dxe4 17. d5 O-O-O 18. Qc2 Rh8 19. Rxh8 Rxh8 20. dxe6 Rh1+ 21.
Kd2 Qd8+ 22. Kc3 Nd4 23. Nbxd4 exd4+ 24. Nxd4 Rxa1 25. Bxa1 c5 26. Qxe4 cxd4+ 27. exd4 Kb8 28. exf7 Qf6 29. Qf4+ Qxf4 30. gxf4 Kc7 31. Kd3 Kd6 32.
d5 Bh6 33. Be5+ Ke7 34. c5 bxc5 35. bxc5 Kxf7 36. Ke4 Bf8 37. Bd6 1-0

[Event "Early-Titled-Tuesday-Blitz-September-05-2023"]
[Site "Chess.com"]
[Date "2023.09.05"]
[Round "11"]
[White "Hope_6"]
[Black "Herman-NY"]
[Result "1-0"]
[WhiteElo "2722"]
[BlackElo "2530"]
[TimeControl "180+1"]
[EndTime "10:04:10 PDT"]
[Termination "Hope_6 won on time"]

1. d4 Nf6 2. c4 g6 3. Nc3 Bg7 4.
e4 d6 5. f3 O-O 6. Be3 e5 7.
d5 Nh5 8. Qd2 Qh4+ 9. Qf2 Qe7 10. Bd3 f5 11. Nge2 Nd7 12. exf5 gxf5 13. f4 Nc5 14.
Bc2 exf4 15. Nxf4 Re8 16. Kd2 Nf6 17. Bxc5 Ng4 18. Qf3 dxc5 19. Rae1 Ne5 20. Qg3 Nxc4+ 21. Kc1 Ne5 22. Ne6 Bxe6 23. Rxe5 Qd6 24. Rxe6 Rxe6 25.
dxe6 Qxe6 26. Re1 Qf6 27. Kb1 Rd8 28. Qf3 c6 29. Qxf5 Qh4 30. g3 Qxh2 31. Ne4 1-0

[Event "Early-Titled-Tuesday-Blitz-September-05-2023"]
[Site "Chess.com"]
[Date "2023.09.05"]
[Round "11"]
[White "zverr1"]
[Black "borocotoajua"]
[Result "0-1"]
[WhiteElo "2494"]
[BlackElo "2606"]
[TimeControl "180+1"]
[EndTime "10:04:20 PDT"]
[Termination "borocotoajua won by checkmate"]

1. d4 Nf6 2. c4 g6 3. Nc3 d5 4. cxd5 Nxd5 5. e4 Nxc3 6. bxc3 Bg7 7. Nf3 c5 8. Bb5+ Bd7 9. Rb1 O-O 10. O-O Bg4 11. Be3 cxd4 12. cxd4 Qa5 13. Bc4 Nc6 14. Rxb7 Rad8 15. Rb5 Bxf3 16. Qxf3 Qa4 17. Qe2 Nxd4 18. Bxd4 Bxd4 19. h4 Rc8 20. Bb3 Qa6 21. a4 Rc3 22. Qd2 Rd8 23. Qa2 Qf6 24. h5 e6 25. Rb7 Be5 26. f4 Bd4+ 27. Rf2 Rc1+ 28. Kh2 Qh4# 0-1

[Event "Early-Titled-Tuesday-Blitz-September-05-2023"]
[Site "Chess.com"]
[Date "2023.09.05"]
[Round "11"]
[White "IngOscarArdila"]
[Black "ErikRonka"]
[Result "1/2-1/2"]
[WhiteElo "2408"]
[BlackElo "2489"]
[TimeControl "180+1"]
[EndTime "10:04:20 PDT"]
[Termination "Game drawn by repetition"]

1. d4 Nf6 2. c4 e5 3. dxe5 Ne4 4. Nf3 Bb4+ 5. Nbd2 Nc6 6. e3 Qe7 7. Qc2 Nxd2 8.
Bxd2 Bxd2+ 9. Qxd2 Nxe5 10. Nxe5 Qxe5 11. Be2 d6 12. O-O b6 13. Qd4 Bb7 14. Qxe5+ dxe5 15. Rfd1 Ke7 16. Kf1 Rhd8 17. f3 a5 18. b3 Bc6 19.
a3 Rd6 20. Rxd6 Kxd6 21. Ke1 Kc5 22. Kd2 Bb7 23. Kc3 Rd8 24. b4+ Kc6 25. f4 e4 26.
Rd1 Rxd1 27. Bxd1 axb4+ 28. axb4 Kd6 29. Ba4 c5 30. Be8 f6 31. g3 Bc8 32. Ba4 Be6 33. Bc2 f5 34. Ba4 Bf7 35. h4 Bh5 36. Bb5 Bf7 37. Ba6 Be6 38. Bb7 Kc7 39. Ba6 Kd6 40.
Bb5 Bf7 41. Ba4 Bh5 42. Bb5 Bf7 1/2-1/2

[Event "Early-Titled-Tuesday-Blitz-September-05-2023"]
[Site "Chess.com"]
[Date "2023.09.05"]
[Round "11"]
[White "LionTheLeon_06"]
[Black "Yeremyan_ChessMate"]
[Result "1/2-1/2"]
[WhiteElo "2810"]
[BlackElo "2688"]
[TimeControl "180+1"]
[EndTime "10:04:22 PDT"]
[Termination "Game drawn by repetition"]

1. e4 Nf6 2. Nc3 d5 3. exd5 Nxd5 4. Nf3 c6 5. Bc4 g6 6. O-O Bg7 7. Ne4 O-O 8. h3 Nd7 9. Re1 N7f6 10. Nxf6+ exf6 11. d4 f5 12. c3 h6 13. Qb3 Kh7 14. Bxd5 cxd5 15. Bf4 g5 16. Bd2 g4 17. Ne5 gxh3 18. g3 f4 19. Bxf4 Bf5 20. Kh2 Be4 21. Qd1 Bxe5 22.
dxe5 Qb6 23. Qd2 Qg6 24. Re3 Rad8 25. f3 Bf5 26. Rd1 h5 27. Qd4 b6 28. Re2 Be6 29. Red2 Rg8 30. Qd3 Bf5 31. Qe3 Be6 32. c4 d4 33. Rxd4 Rxd4 34. Qxd4 Qc2+ 35. Rd2 Qxc4 36. Qxc4 Bxc4 37. Kxh3 Bxa2 38. Kh4 Kg6 39. Rd7 Rc8 40. Rxa7 Be6 41. g4 hxg4 42. fxg4 Rc4 43. Kg3 Rb4 44.
Ra8 Rxb2 45. Rg8+ Kh7 46. Rb8 b5 47. Bg5 Rb4 48. Bf6 Rxg4+ 49. Kf3 Rb4 50. Rh8+ Kg6 51. Rg8+ Kh7 52. Rh8+ Kg6 53. Rg8+ Kh7 54. Rh8+ 1/2-1/2

[Event "Early-Titled-Tuesday-Blitz-September-05-2023"]
[Site "Chess.com"]
[Date "2023.09.05"]
[Round "11"]
[White "vishwa_vijeta"]
[Black "Daniel_Salinas"]
[Result "1-0"]
[WhiteElo "2535"]
[BlackElo "2343"]
[TimeControl "180+1"]
[EndTime "10:04:22 PDT"]
[Termination "vishwa_vijeta won by resignation"]

1. e4 c6 2. d4 d5 3. Nd2 dxe4 4.
Nxe4 Nf6 5. Nxf6+ exf6 6. c3 Bd6 7. Bd3 O-O 8. Qc2 Re8+ 9. Ne2 h5 10. Be3 Nd7 11. O-O-O Nf8 12. Kb1 b5 13. d5 c5 14.
Bxb5 Rxe3 15. fxe3 Rb8 16. Bd3 Nd7 17. Bf5 Ne5 18.
Bxc8 Qxc8 19. c4 Qg4 20. Nf4 g5 21. h3 Qh4 22. g3 Qxg3 23. Qe2 Qf3 24. Qxf3 Nxf3 25.
Nxh5 Be5 26. b3 f5 27. Rhf1 g4 28. hxg4 fxg4 29. Nf4 f5 30. Ng6 Bd6 31. Nf4 Kf7 32. Ne6 Rh8 33. e4 f4 34. Rxf3 gxf3 35. Rf1 Rh2 36. Rxf3 Be5 37. Nxf4 Rb2+ 38. Kc1 Rxa2 39. Nd3+ 1-0

[Event "Early-Titled-Tuesday-Blitz-September-05-2023"]
[Site "Chess.com"]
[Date "2023.09.05"]
[Round "11"]
[White "LUISMIGUELOV"]
[Black "ElenaPershina"]
[Result "1-0"]
[WhiteElo "2084"]
[BlackElo "2274"]
[TimeControl "180+1"]
[EndTime "10:04:22 PDT"]
[Termination "LUISMIGUELOV won by resignation"]

1. d4 d5 2. c3 Nf6 3. Bg5 Ne4 4. h4 h6 5. Bf4 Bf5 6. Nd2 e6 7. Nxe4 Bxe4 8. Qb3 Qc8 9. f3 Bh7 10. e3 c6 11. c4 Nd7 12. a3 Be7 13. Rc1 dxc4 14.
Bxc4 Nb6 15. Bd3 Bxd3 16. Qxd3 Nd5 17. Ne2 Nxf4 18. Nxf4 Qd7 19. h5 e5 20. dxe5 Rd8 21. Qxd7+ Rxd7 22. Rd1 Bg5 23. Rxd7 Kxd7 24. Ke2 Bxf4 25.
exf4 Ke6 26. g4 Rd8 27. Rd1 Rxd1 28. Kxd1 Kd5 29. Kd2 Kd4 30. b3 c5 31. a4 b6 32. Kc2 a6 33. Kd2 b5 34. axb5 axb5 35. Kc2 Kd5 36. Kc3 g6 37. g5 1-0

[Event "Early-Titled-Tuesday-Blitz-September-05-2023"]
[Site "Chess.com"]
[Date "2023.09.05"]
[Round "11"]
[White "Boundless_Strike"]
[Black "suyu28"]
[Result "1-0"]
[WhiteElo "2589"]
[BlackElo "2713"]
[TimeControl "180+1"]
[EndTime "10:04:25 PDT"]
[Termination "Boundless_Strike won by resignation"]

1. d3 d5 2. e4 dxe4 3. Nc3 exd3 4. Bxd3 Nf6 5. Bg5 Bg4 6. f3 Bh5 7. Qe2 Nbd7 8. O-O-O e6 9. Nh3 Be7 10. Nf4 Bg6 11. Bxg6 hxg6 12. Nxe6 fxe6 13. Qxe6 Nh7 14. Qxg6+ Kf8 15. Qf5+ Kg8 16. Bxe7 Qxe7 17. Rxd7 Qg5+ 18. Qxg5 Nxg5 19. Rxc7 b5 20. Nxb5 Re8 21. Nd4 Rh4 22.
c3 Rf4 23. h3 a5 24. Kd2 a4 25.
Re1 Rb8 26. Kc2 Nf7 27. Ree7 g5 28. Ra7 Rc8 29. Re4 Rxe4 30. fxe4 Nd6 31. Rxa4 Nxe4 32. Ne6 Nf2 33. Nxg5 Re8 34. Rd4 Kg7 35. a4 Kg6 36.
Nf3 1-0

[Event "Early-Titled-Tuesday-Blitz-September-05-2023"]
[Site "Chess.com"]
[Date "2023.09.05"]
[Round "11"]
[White "merinasian"]
[Black "hsd2016"]
[Result "0-1"]
[WhiteElo "2421"]
[BlackElo "2286"]
[TimeControl "180+1"]
[EndTime "10:04:25 PDT"]
[Termination "hsd2016 won by resignation"]

1. d4 d5 2. Nf3 Nf6 3. g3 g6 4. Bg2 Bg7 5. O-O O-O 6. c4 c6 7.
b3 Nbd7 8. Bb2 Ne4 9. Nfd2 Nxd2 10. Qxd2 Nf6 11. Nc3 Bf5 12. Rfd1 e6 13. f3 dxc4 14.
g4 Bxg4 15. fxg4 Nxg4 16. bxc4 Qh4 17. h3 Bh6 18. hxg4 Bxd2 19. Rxd2 Qxg4 20. d5 exd5 21. cxd5 Qf4 22. Ne4 Qe3+ 23. Kh1 f5 24. dxc6 fxe4 25. Rd7 Rf7 26. cxb7 Rb8 27. Rad1 Qh6+ 28. Kg1 Qe3+ 29. Kh1 Rxd7 30. Rxd7 Qh6+ 31. Kg1 Qe3+ 32. Kh2 Qf4+ 33. Kh1 Qh6+ 34. Kg1 Qe3+ 35. Kf1 Qf4+ 36. Ke1 Qg3+ 37.
Kd2 Qxg2 38. Rg7+ Kf8 39. Rxh7 e3+ 40. Kc1 Rxb7 41. Rh8+ Ke7 42. Rh7+ Ke6 43. Rxb7 Qxb7 0-1

[Event "Early-Titled-Tuesday-Blitz-September-05-2023"]
[Site "Chess.com"]
[Date "2023.09.05"]
[Round "11"]
[White "Fleetw00dMac"]
[Black "Thecourseoisildur"]
[Result "0-1"]
[WhiteElo "2458"]
[BlackElo "2584"]
[TimeControl "180+1"]
[EndTime "10:04:26 PDT"]
[Termination "Thecourseoisildur won on time"]

1. d4 Nf6 2. c4 c5 3. d5 b5 4.
cxb5 a6 5. bxa6 g6 6. Nc3 Bg7 7. Nf3 O-O 8. g3 Qa5 9. Bd2 Qxa6 10. Bg2 d6 11. O-O Nbd7 12. Ne1 Bb7 13. e4 c4 14. h3 Nc5 15. Be3 Nfd7 16. Qd2 Rfb8 17. Nc2 Nd3 18. Na3 Bc8 19. Rab1 Nxb2 20. Rxb2 Rxb2 21. Qxb2 Qxa3 22.
Qxa3 Rxa3 23. Nb5 Rxa2 24. Rc1 Ba6 25. Nc7 c3 26. Nxa6 Rxa6 27. Bf1 Ra5 28. Kg2 Nc5 29.
Bxc5 Rxc5 30. Bd3 Kf8 31. Bc2 Bd4 32. f4 Ra5 33. Kf3 Ra2 34. h4 h5 35. Ke2 Ke8 36.
Kf3 Kd7 37. f5 Kc7 38. fxg6 fxg6 39. e5 Bxe5 40. Bxg6 Rd2 0-1

[Event "Early-Titled-Tuesday-Blitz-September-05-2023"]
[Site "Chess.com"]
[Date "2023.09.05"]
[Round "11"]
[White "amanjazu"]
[Black "FoxOnTheRun97"]
[Result "0-1"]
[WhiteElo "2377"]
[BlackElo "2540"]
[TimeControl "180+1"]
[EndTime "10:04:26 PDT"]
[Termination "FoxOnTheRun97 won by checkmate"]

1. b3 Nf6 2. Bb2 d5 3. e3 Bf5 4.
f4 e6 5. Nf3 c5 6. Bb5+ Nc6 7.
O-O Be7 8. d3 h6 9. Nbd2 O-O 10.
Bxc6 bxc6 11. Qe2 Bh7 12. e4 c4 13. bxc4 dxe4 14. Nxe4 Nxe4 15. dxe4 Qb6+ 16. Bd4 Bc5 17. c3 Rad8 18. Qe3 Bxd4 19. cxd4 Rd7 20. a4 Rfd8 21.
a5 Qa6 22. Rfd1 Qxc4 23. Ne5 Qa6 24. Nxd7 Rxd7 25. Rdb1 Bg6 26. Rb4 Kh7 27. Rf1 f5 28.
exf5 Bxf5 29. Ra1 Rd5 30. Rba4 Qb5 31. a6 Qb2 32. Qc1 Qe2 33. R1a2 Qe4 34. Qd2 Rb5 35.
Rb2 Rxb2 36. Qxb2 Qe1# 0-1

[Event "Early-Titled-Tuesday-Blitz-September-05-2023"]
[Site "Chess.com"]
[Date "2023.09.05"]
[Round "11"]
[White "karinachess1"]
[Black "emeli_chess"]
[Result "1-0"]
[WhiteElo "2561"]
[BlackElo "2366"]
[TimeControl "180+1"]
[EndTime "10:04:27 PDT"]
[Termination "karinachess1 won by resignation"]

1. e4 e5 2. Nf3 Nc6 3. Bc4 Nf6 4. d4 exd4 5. O-O Nxe4 6. Re1 d5 7. Bxd5 Qxd5 8.
Nc3 Qa5 9. Nxe4 Be6 10. Neg5 Bd6 11. Nxe6 fxe6 12. Rxe6+ Kd7 13. Re1 Rae8 14. Bd2 Qb5 15.
b3 Rxe1+ 16. Bxe1 Re8 17. a4 Qd5 18. Bd2 d3 19. Bc3 Ne5 20. Nxe5+ Bxe5 21. Bxe5 Rxe5 22. cxd3 h5 23. Rc1 g5 24. Qxh5 Re7 25. Qg4+ Kd6 26. h3 c5 27. b4 b6 28. a5 Re5 29. axb6 axb6 30. bxc5+ bxc5 31. Qc8 Ke7 32. Ra1 Re6 33.
Ra7+ Kf6 34. Qh8+ Kf5 35. Rf7+ 1-0

[Event "Early-Titled-Tuesday-Blitz-September-05-2023"]
[Site "Chess.com"]
[Date "2023.09.05"]
[Round "11"]
[White "Goi_Manne"]
[Black "whiteglovethief"]
[Result "0-1"]
[WhiteElo "2318"]
[BlackElo "2506"]
[TimeControl "180+1"]
[EndTime "10:04:31 PDT"]
[Termination "whiteglovethief won by resignation"]

1. e4 e6 2. d4 d5 3. Nc3 Bb4 4.
exd5 exd5 5. Bd3 Nf6 6. Ne2 O-O 7. O-O h6 8. a3 Bd6 9. Bf4 c6 10. f3 Qc7 11. Qd2 Nbd7 12. Bxd6 Qxd6 13. Qf4 Qxf4 14. Nxf4 Re8 15. Rfe1 Rxe1+ 16. Rxe1 Kf8 17. Kf2 b5 18. h4 Nb6 19. b3 Bd7 20. g4 Re8 21. Rxe8+ Bxe8 22. g5 hxg5 23. hxg5 Ng8 24. Ke3 Ke7 25. Nh3 Kd6 26.
f4 Ne7 27. f5 f6 28. g6 Bd7 29. Kf4 Nxg6+ 30. fxg6 Bxh3 31. a4 b4 32. Ne2 Nc8 33. Ng3 Ne7 34. Ne2 Ke6 35. Kg3 Bf5 36. Nf4+ Kd6 37.
Bxf5 Nxf5+ 38. Kg4 Nxd4 39. Nh5 Ne6 40. Kf5 c5 41. Ng3 Nd4+ 42. Kf4 Nxc2 43. Nf5+ Kd7 44. Nxg7 c4 45. Nh5 Ke7 46. Kf5 Nd4+ 47. Kf4 cxb3 48.
Ke3 b2 49. g7 Nf5+ 50. Kd2 Nxg7 51. Nxg7 b1=Q 52. Nf5+ Qxf5 0-1

[Event "Early-Titled-Tuesday-Blitz-September-05-2023"]
[Site "Chess.com"]
[Date "2023.09.05"]
[Round "11"]
[White "campochess"]
[Black "KorolDimitriy75"]
[Result "1-0"]
[WhiteElo "2175"]
[BlackElo "2278"]
[TimeControl "180+1"]
[EndTime "10:04:32 PDT"]
[Termination "campochess won on time"]

1. d4 Nf6 2. Bg5 Ne4 3. h4 c5 4. d5 Qb6 5. Nc3 Nxg5 6. hxg5 Qxb2 7. Rh3 d6 8. Rb1 Qa3 9. Re3 Qa5 10. Qd2 g6 11. Nf3 Bg7 12. Ne4 Qxd2+ 13. Kxd2 O-O 14. Ng3 e6 15. dxe6 fxe6 16. Ne4 Nc6 17. Nxd6 Rd8 18.
Rd3 Nb4 19. Rxb4 cxb4 20. e4 Bc3+ 21. Kc1 e5 22. Nb5 Be6 23. Nxc3 Rxd3 24. Bxd3 bxc3 25. Nxe5 Bxa2 26. f4 a6 27. f5 gxf5 28. exf5 b5 29. Nc6 Kh8 30. g4 Bd5 31. Ne5 b4 32. g6 a5 33. Kb1 a4 34. g5 1-0